AoeStats
← ytpro

Nomad

504494584Analyzed
4v4 RM · 27d ago on Sep 5, 2026· 39m 44s· 8 players
Game mode
Random Map
Map size
231×231
Population
200
Speed
Normal
Resources
Standard
Victory
Conquest
Starting age
Dark Age
Ending age
Imperial Age
RankedLock teamsTeams togetherTeam positionsShared explorationLock speedFull tech treeHidden civsTurbo modeCheats
Victory
Defeat
🇨🇳 Mongols · China
1737
+14
🇻🇳 Bohemians · Vietnam
1652
+17
🇨🇳 Spanish · China
1626
+18
🇮🇳 Malians · India
1607
+19
🇨🇳 Khitans · China
1748
-20
🇦🇺 Spanish · Australia
1712
-18
🇭🇰 Dravidians · Hong Kong SAR China
1695
-18
🇨🇳 Persians · China
1554
-12
Ngoam_____
4:56 Loom
15:06 Feudal Age
16:19 Double-Bit Axe
18:50 Castle Age
16:34 Horse Collar
17:57 Scale Barding Armor
18:22 Forging
20:25 Chain Barding Armor
19:58 Light Cavalry
23:27 Fishing Lines
24:03 Fletching
24:39 Town Watch
25:58 Bodkin Arrow
25:40 Elite Skirmisher
27:03 Bow Saw
26:55 Heavy Plow
28:51 Wheelbarrow
28:56 Ballistics
28:37 Padded Archer Armor
32:24 Hand Cart
37:12 Imperial Age
35:14 Leather Archer Armor
36:45 Iron Casting
37:11 Chemistry
38:05 Bracer
39:06 Two-Man Saw
38:15 Siege Engineers
38:53 Ring Archer Armor
39:25 Elite Hussite Wagon
Bz_青红
5:03 Loom
13:06 Feudal Age
17:31 Castle Age
16:39 Double-Bit Axe
17:50 Horse Collar
20:53 Padded Archer Armor
26:04 Leather Archer Armor
29:05 Wheelbarrow
32:42 Bloodlines
32:35 Husbandry
爱人跟人走
13:08 Loom
15:15 Feudal Age
16:46 Wheelbarrow
19:44 Castle Age
18:20 Double-Bit Axe
20:05 Fletching
20:50 Bodkin Arrow
23:59 Ballistics
24:46 Bow Saw
28:16 Horse Collar
30:02 Heavy Plow
30:42 Gold Mining
37:33 Imperial Age
35:07 Stone Mining
36:11 Gold Shaft Mining
37:24 Hand Cart
38:21 Bracer
40:20 Stone Shaft Mining
39:54 Padded Archer Armor
40:57 Chemistry
Issue
5:02 Loom
11:59 Feudal Age
13:35 Town Watch
13:47 Double-Bit Axe
14:05 Horse Collar
22:46 Castle Age
26:27 Wheelbarrow
26:07 Bow Saw
25:59 Heavy Plow
30:15 Hand Cart
32:39 Bloodlines
31:50 Light Cavalry
32:36 Husbandry
34:58 Scale Barding Armor
38:53 Chain Barding Armor
39:08 Forging
39:34 Gold Mining
39:34 Stone Mining
第98次心痛
8:18 Loom
18:21 Feudal Age
19:41 Stone Mining
20:32 Double-Bit Axe
24:11 Castle Age
22:20 Scale Barding Armor
23:09 Bloodlines
23:10 Forging
25:15 Bow Saw
24:46 Horse Collar
24:49 Fishing Lines
26:18 Husbandry
34:41 Town Watch
35:35 Wheelbarrow
36:23 Fletching
37:11 Elite Skirmisher
38:35 Bodkin Arrow
38:41 Padded Archer Armor
39:48 Ballistics
ytpro
8:28 Loom
13:31 Feudal Age
17:05 Castle Age
15:50 Double-Bit Axe
18:06 Bow Saw
19:10 Horse Collar
31:57 Padded Archer Armor
37:32 Imperial Age
37:29 Elite Skirmisher
39:53 Wheelbarrow
39:09 Gold Mining
39:25 Fletching
40:11 Leather Archer Armor
zypro
4:59 Loom
14:36 Feudal Age
15:55 Fishing Lines
18:47 Castle Age
18:18 Fletching
19:44 Bodkin Arrow
19:52 Crossbowman
23:32 Wheelbarrow
24:57 Gold Mining
25:42 Padded Archer Armor
26:32 Horse Collar
27:27 Double-Bit Axe
28:46 Gillnets
30:04 Ballistics
34:04 Leather Archer Armor
34:40 Elite Skirmisher
40:41 Imperial Age
38:25 Bow Saw
39:04 Masonry
kazusa
7:29 Loom
8:32 Loom
13:04 Feudal Age
13:57 Fishing Lines
19:25 Castle Age
18:22 Double-Bit Axe
19:12 Forging
20:23 Medium Warships
22:26 Bow Saw
32:05 Wheelbarrow
35:18 Domestication
37:46 Town Watch
Connection lost

Rejoining the realm…

Still unreachable

The connection could not be restored.

Session expired

The server has moved on; the page needs a fresh start.